 Dungeon Crawl Stone Soup version 0.31.0-12-g77e489cdc1 (webtiles) character file.

Game seed: 3756020500475618113

5958 Curundu the Cleaver (level 10, -6/93 HPs)
             Began as a White Draconian Berserker on Feb 26, 2024.
             Was an Elder of Trog.
             Mangled by a freezing wraith (9 damage)
             ... on level 8 of the Dungeon.
             The game lasted 00:27:00 (10068 turns).

Curundu the Cleaver (White Draconian Berserker)    Turns: 10068, Time: 00:27:03

Health: -6/93      AC:  9    Str: 23    XL:     10   Next: 54%
Magic:  10/10      EV: 16    Int:  8    God:    Trog [****..]
Gold:   353        SH: 13    Dex: 11    Spells: 9/9 levels left

rFire   . . .        A - +4 hand axe
rCold   + . .        a - +0 tower shield
rNeg    . . .        (body armour unavailable)
rPois   .            (helmet restricted)
rElec   .            s - +0 cloak
rCorr   .            h - +0 pair of gloves
SInv    .            (no boots)
Will    .....        (no amulet)
Stlth   +            g - +5 ring of evasion
HPRegen 0.35/turn    (no ring)
MPRegen 0.12/turn

%: no passive effects
@: on berserk cooldown, slowed, very slow
A: breathe frost, AC +7, unfitting armour, cold resistance 1, cold-blooded
a: Breathe Frost, Renounce Religion, Berserk, Trog's Hand, Brothers in Arms


You were on level 8 of the Dungeon.
You worshipped Trog.
Trog was greatly pleased with you.
You visited 1 branch of the dungeon, and saw 8 of its levels.
You also visited: Ossuary.

You collected 479 gold pieces.
You spent 126 gold pieces at shops.

Inventory:

Hand Weapons
 y - a +3 flail of draining
 A - a +4 hand axe (weapon)
Missiles
 c - 4 boomerangs
Armour
 a - a +0 tower shield (worn)
 h - a +0 pair of gloves (worn)
 s - a +0 cloak (worn)
 B - a +0 robe
Jewellery
 g - a +5 ring of evasion (left hand)
 z - an amulet of regeneration
Wands
 b - a wand of mindburst (17)
 q - a wand of roots (23)
 x - a wand of flame (15)
Scrolls
 i - a scroll of butterflies
 m - 3 scrolls of identify
 n - 2 scrolls of noise
 p - 5 scrolls of teleportation
 r - 2 scrolls of fog
 v - a scroll of poison
Potions
 d - 6 potions of brilliance
 e - a potion of heal wounds
 f - 3 potions of resistance
 j - 2 potions of berserk rage
 k - a potion of invisibility
 l - a potion of enlightenment
 o - 2 potions of haste
 t - a potion of lignification
 u - a potion of curing
 w - a potion of attraction


   Skills:
 * Level 10.0 Fighting
 + Level 10.3 Axes
 + Level 6.8 Dodging
 - Level 0.3 Stealth
 * Level 6.1 Shields


You had 9 spell levels left.
You didn't know any spells.
Your spell library was empty.

Dungeon Overview and Level Annotations

Branches:
Dungeon (8/15)             Temple (0/1) D:5            Lair (0/5) D:8
Ossuary (visited)

Altars:
Ashenzari
Gozag
Okawaru
Uskayaw
Yredelemnul
The Shining One

Shops:
D:8 [

Annotations:
D:8 2 runed translucent doors


Innate Abilities, Weirdness & Mutations

You can breathe waves of freezing cold which knock back foes.
Your icy white scales are hard. (AC +7)
You cannot fit into any form of body armour.
Your flesh is cold resistant. (rC+)
You are cold-blooded and may be slowed by cold attacks.


Message History

* * * LOW HITPOINT WARNING * * *
The freezing wraith closely misses you. The freezing wraith barely misses you.
There is an open translucent door, spattered with blood here.
Things that are here:
a +0 orcbow; a basilisk corpse; a centaur corpse You hit the freezing wraith.
The freezing wraith is lightly damaged.
You slash something!
You feel the effects of Trog's Hand fading.
The freezing wraith misses you. The freezing wraith closely misses you.
You slash the freezing wraith!
The freezing wraith is moderately damaged.
You slash something! Trog accepts your kill.
Trog appreciates your killing of a magic user.
Reactivating autopickup.
You feel a bit more experienced.
Your life force feels restored.
The killer bee attacks as it pursues you!
You block the killer bee's attack. x2
You slice the killer bee!!
You kill the killer bee!
Trog accepts your kill.
You are no longer berserk.
You are exhausted.
You feel yourself slow down.
Your Fighting skill increases to level 10!
You hit the freezing wraith but do no damage.
The freezing wraith is moderately damaged.
The freezing wraith misses you. The freezing wraith hits you.
* * * LOW HITPOINT WARNING * * *
The freezing wraith drains your vigour!
You feel as though you will be slow longer.
You slash the freezing wraith!
The freezing wraith is heavily damaged.
Your skin stops crawling.
You feel less strong-willed. The freezing wraith hits you!
* * * LOW HITPOINT WARNING * * *
The freezing wraith freezes you! You resist.
You die...

.## ##...# # #.## ##.#.#
.## ##.# ##.##.###.#####
# #(## ##.###.###+#####
### .##
#.####.###....#### ###..
.# ##.##..###.zo.+...
###.... .#
##.#..###Clog##
####...... .#
##...###W#######.........
.##
##..###@#####...######..
..######
###.##.####.....######..
.......#
#>..#.###..........<....
..####.#
#.#.......##..########..
.## #.# #.####.##.##..#
#.# .# #.# #.#
#.##.##..########.# .#
#.# #.#
#.##.##............ .#
#.# #.#
#.##.###.########.#
.#####.###.# #........#
#.#


You could see a cyclops, a komodo dragon, a freezing wraith, a laughing skull,
an orc wizard, a gnoll and an orc.

Vanquished Creatures
  An ogre mage (D:8)
  A centaur warrior (D:8)
  Pikel (D:7)
  Maurice (D:7)
  A troll (D:6)
  Grinder (D:6)
  Sigmund (D:4)
  A basilisk (D:8)
  A steam dragon (D:8)
  A water moccasin (D:5)
  A sky beast (D:7)
  A black bear (D:5)
  3 centaurs
  3 lemures (D:7)
  2 phantoms
  7 elf zombies (Ossuary)
  Blork the orc (D:5)
  2 bullfrogs
  3 scorpions
  3 wights (D:8)
  12 killer bees
  7 howler monkeys
  2 centaur zombies (Ossuary)
  2 jellies (D:6)
  6 hounds
  A human zombie (Ossuary)
  5 bombardier beetles
  An orc priest (D:8)
  4 iguanas
  Natasha (twice) (D:2)
  An orc wizard (D:8)
  A crocodile zombie (Ossuary)
  3 mummies (Ossuary)
  Robin (D:4)
  9 adders
  3 gnolls (D:3)
  A dart slug (D:2)
  3 ribbon worms
  12 orcs
  2 bats
  8 endoplasms
  2 giant cockroaches
  20 goblins
  9 hobgoblins
  4 jackals (D:4)
  7 quokkas
  8 ball pythons
  3 frilled lizards
  8 kobolds
  10 rats
193 creatures vanquished.

Notes
Turn   | Place    | Note
-------+----------+-------------------------------------------
     0 | D:1      | Curundu the Draconian Berserker began the quest for the
                  | Orb.
     0 | D:1      | Reached XP level 1. HP: 19/19 MP: 1/1
   133 | D:1      | Reached XP level 2. HP: 26/26 MP: 2/2
   206 | D:1      | Reached ** piety under Trog
   555 | D:2      | Reached XP level 3. HP: 33/33 MP: 3/3
   790 | D:2      | Noticed Natasha
   799 | D:2      | Killed Natasha
   944 | D:2      | Reached XP level 4. HP: 40/40 MP: 4/4
  1001 | D:2      | Noticed Natasha
  1009 | D:2      | Killed Natasha
  1625 | D:3      | Found a broken altar of Ashenzari.
  1625 | D:3      | Found an iron altar of Okawaru.
  2030 | D:3      | Reached XP level 5. HP: 39/46 MP: 5/5
  2725 | D:3      | Found an opulent altar of Gozag.
  2859 | D:4      | Noticed Robin
  2866 | D:4      | Reached *** piety under Trog
  2871 | D:4      | Reached skill level 1 in Shields
  2874 | D:4      | Killed Robin
  2875 | D:4      | Reached XP level 6. HP: 14/53 MP: 6/6
  2878 | D:4      | Reached skill level 5 in Axes
  3345 | D:4      | Reached skill level 5 in Fighting
  3459 | D:4      | Found a sand-covered staircase.
  3469 | Ossuary  | Entered an ossuary
  3546 | Ossuary  | Your scales start taking on an icy white colour.
  3546 | Ossuary  | Reached XP level 7. HP: 61/61 MP: 7/7
  3546 | Ossuary  | Gained mutation: Your flesh is cold resistant. (rC+) [White
                  | Draconian growth]
  3978 | Ossuary  | Reached XP level 8. HP: 26/70 MP: 8/8
  4304 | D:4      | Noticed Sigmund
  4327 | D:4      | Killed Sigmund
  4527 | D:4      | Found a hide-covered altar of Uskayaw.
  4644 | D:5      | Entered Level 5 of the Dungeon
  5075 | D:5      | Identified the ring of Doj Duoq {rN+ Dex+5 Slay-2}
  5157 | D:5      | Reached **** piety under Trog
  5227 | D:5      | Reached skill level 5 in Dodging
  5353 | D:5      | HP: 3/73 [poisoned by a killer bee]
  5838 | D:5      | Noticed Blork the orc
  5851 | D:5      | Killed Blork the orc
  5852 | D:5      | Reached XP level 9. HP: 58/79 MP: 9/9
  6130 | D:5      | Found a staircase to the Ecumenical Temple.
  6720 | D:6      | Noticed a troll
  6736 | D:6      | Killed a troll
  7532 | D:6      | Noticed Grinder
  7573 | D:6      | Killed Grinder
  7873 | D:7      | Reached skill level 5 in Shields
  7886 | D:7      | Noticed Maurice
  7894 | D:7      | Maurice stole a +3 flail of draining
  7899 | D:7      | Maurice stole 4 boomerangs
  7901 | D:7      | Maurice stole 334 gold
  7910 | D:7      | Killed Maurice
  8070 | D:7      | Found a glowing golden altar of the Shining One.
  8319 | D:7      | Noticed Pikel
  8362 | D:7      | Killed Pikel
  8363 | D:7      | Reached XP level 10. HP: 61/91 MP: 10/10
  9365 | D:8      | Found a staircase to the Lair.
  9367 | D:8      | Found a runed translucent door.
  9367 | D:8      | Noticed a centaur warrior
  9368 | D:8      | Noticed an ogre mage
  9368 | D:8      | Found a runed translucent door.
  9368 | D:8      | Noticed a cyclops
  9369 | D:8      | Found a runed translucent door.
  9556 | D:8      | Found a basalt altar of Yredelemnul.
  9840 | D:8      | Found Aroceima's Antique Armour Boutique.
  9845 | D:8      | Bought a tower shield for 126 gold pieces
 10060 | D:8      | Killed a centaur warrior
 10061 | D:8      | Reached skill level 10 in Axes
 10064 | D:8      | Killed an ogre mage
 10067 | D:8      | Reached skill level 10 in Fighting
 10068 | D:8      | HP: 3/93 [freezing wraith (12)]
 10068 | D:8      | Mangled by a freezing wraith

Illustrated notes

Levels and vault maps discovered:
D:1:      orjb1_lava_funnel, layout_basic
D:2:      layout_basic, chequers_big_river, uniq_natasha
D:3:      layout_loops_corners, nicolae_overflow_hidden_temple,
          gammafunk_temple_overflow_statue, kennysheep_crisscross
D:4:      layout_rooms, nicolae_uskayaw_murder_on_the_dancefloor,
          chequers_ossuary_entry_cave, uniq_sigmund, uniq_robin
D:5:      layout_loops_cross, minmay_temple_entry_nine_rooms,
          minmay_fractal_squares_diagonal_5, uniq_blork_the_orc
D:6:      layout_loops_ring, uniq_grinder
D:7:      layout_loops_ring, mainiacjoe_overflow_brackets, eino_jars,
          uniq_pikel, uniq_maurice
D:8:      minmay_the_grid_triangle_9x9_rhombus_full
          [minmay_the_grid_triangle_9x9_wacky_v,
          minmay_the_grid_triangle_9x9_dagger,
          minmay_the_grid_triangle_9x9_fully_insulated_deathbox,
          minmay_the_grid_triangle_9x9_windchime,
          minmay_the_grid_triangle_9x9_longest,
          minmay_the_grid_triangle_9x9_negative_grid,
          minmay_the_grid_triangle_9x9_impossible_snake,
          minmay_the_grid_triangle_9x9_prize_schism], layout_loops_ring,
          kennysheep_mini_moat, serial_shops, nicolae_shop_rolling_square,
          nicolae_the_louvre

Skill      XL: |  1  2  3  4  5  6  7  8  9 10 |
---------------+-------------------------------+-----
Dodging        | 3 4 5 6 |  6.8
Fighting       | 4 5 6 7 9 10 | 10.0
Axes           | 4 5 6 8 9 10 | 10.3
Shields        | 1 2 3 4 5 6 |  6.1
Stealth        | |  0.3

Action                     |  1- 3 |  4- 6 |  7- 9 | 10-12 || total
---------------------------+-------+-------+-------+-------++-------
  Melee: Hand axe          |    86 |   169 |   565 |   133 ||   953
         Tailslap          |    12 |    27 |    78 |    14 ||   131
         Punch             |     2 |     2 |     9 |       ||    13
 Invoke: Trog's Hand       |     1 |       |     3 |     2 ||     6
         Berserk           |       |     3 |     4 |     1 ||     8
Ability: Breathe Frost     |       |       |     1 |     1 ||     2
    Use: Scroll            |       |       |    16 |     3 ||    19
         Potion            |       |       |     2 |       ||     2
   Stab: Sleeping          |       |     1 |       |     1 ||     2
 Armour: Skin              |    53 |   127 |   283 |   103 ||   566
  Dodge: Dodged            |    71 |   133 |   364 |   157 ||   725
  Block: Tower shield      |       |       |       |    13 ||    13
